 Dungeon Crawl Stone Soup version 0.29-a0-284-gf9362112df (webtiles) character file.

Game seed: 7107435079003758537

221 bande the Covered (level 5, -4/33 HPs)
             Began as a Gargoyle Fighter on Mar 25, 2022.
             Killed from afar by an orc wizard (6 damage)
             ... with a puff of flame
             ... on level 4 of the Dungeon.
             The game lasted 00:04:27 (3990 turns).

bande the Covered (Gargoyle Fighter)                Turns: 3990, Time: 00:04:29

Health: -4/33      AC: 17    Str: 20    XL:     5   Next: 98%
Magic:  5/5        EV:  3    Int:  8    God:
Gold:   187        SH: 12    Dex: 11    Spells: 4/4 levels left

rFire   . . .      SeeInvis .   a - +0 war axe
rCold   . . .      Faith    .   e - +0 tower shield
rNeg    + . .      Spirit   .   l - +0 chain mail
rPois   ∞          Reflect  .   (no helmet)
rElec   +          Harm     .   g - +0 cloak
rCorr   .          Rampage  .   (no gloves)
Will    .....                   f - +0 pair of boots
Stlth   ..........              (no amulet)
HPRegen 0.11/turn               (no ring)
MPRegen 0.09/turn               (no ring)

@: on berserk cooldown, slowed, very slow
A: sickness immunity, AC +4, negative energy resistance 1, electricity
resistance, torment resistance 1, petrification resistance, shaggy fur 1
a: no special abilities


You were on level 4 of the Dungeon.
You visited 1 branch of the dungeon, and saw 4 of its levels.

You collected 187 gold pieces.

Inventory:

Hand Weapons
 a - a +0 war axe (weapon)
 b - a +0 war axe
Armour
 e - a +0 tower shield (worn)
 f - a +0 pair of boots (worn)
 g - a +0 cloak (worn)
 l - a +0 chain mail (worn)
Potions
 c - a potion of heal wounds {unknown}
 d - 2 potions of might
 h - a potion of flight
 i - 2 potions of resistance {unknown}
 j - a potion of brilliance
 k - a potion of haste
 m - a potion of berserk rage
 n - 2 potions of lignification {unknown}
 o - a potion of magic {unknown}
 p - a potion of curing {unknown}


   Skills:
 + Level 3.9 Fighting
 + Level 3.9 Axes
 + Level 4.5 Armour
 - Level 0.2 Dodging
 + Level 4.0 Shields


You had 4 spell levels left.
You didn't know any spells.
Your spell library contained the following spells:

 Spells                   Type           Power      Damage    Failure   Level
 Static Discharge         Conj/Air       0%         N/A       100%        2
 Lightning Bolt           Conj/Air       0%         1d11      100%        5
 Maxwell's Capacitive Co  Air            0%         ∞         100%        8


Dungeon Overview and Level Annotations

Branches:
Dungeon (4/15)
 Temple: D:4-7

Altars:
Xom


Innate Abilities, Weirdness & Mutations

You are immune to sickness and miasma.
Your stone body is resilient. (AC +4)
You are immune to poison.
You resist negative energy. (rN+)
You are resistant to electric shocks. (rElec)
You are resistant to unholy torment.
You are immune to petrification.
You are covered in fur. (AC +1)


Message History

You see here a +0 flail.
Unknown command.
You feel a strong urge to attack something.
Unknown command.
You slash the hound!
You kill the hound!
You miss something. Something hits you.
* * * LOW HITPOINT WARNING * * *
Your Shields skill increases to level 4!
Unknown command.
You slash the orc!
You kill the orc!
You barely miss something. Something hits you but does no damage.
Unknown command.
Something hits you.
* * * LOW HITPOINT WARNING * * *
Items here: )) [ †.
You miss something.
You hear some strange, mumbled words.
Something tries to affect you, but you resist.
Unknown command.
You miss something. Something hits you but does no damage.
You barely miss something.
You hear some strange, mumbled words.
A magic dart appears from out of thin air!
The magic dart hits you!
* * * LOW HITPOINT WARNING * * *
You slash something!
You are no longer berserk.
You are exhausted.
You feel yourself slow down. Something hits you.
* * * LOW HITPOINT WARNING * * *
You barely miss something. Something hits you but does no damage.
You hear some strange, mumbled words.
A puff of flame appears from out of thin air!
The puff of flame hits you but does no damage.
You hear some strange, mumbled words.
A puff of flame appears from out of thin air!
The puff of flame hits you.
You die...

.##.####...##..............,,,*
.#......................#******
.#..####...######.......# .#..#
##.## #......## .#..#####.#
#.....## ..........###
####....# ............#
#...#...####**** ##......###.#
#............,,* ##......# *,*
#.@...#.#####*,* ........# *,*
##{#..#.# *,* ##......#
*,***#h#..#.# *,* #.#..###
*,,,,.J.....# *,* ##.#..#
****##.#....#*****,**** .#.#..#
#.#....#*,,,,,,,,, ...#..#
****#.#....#*,***,****
...#..#*****,,,.......#,,***,*
...#...,,,,,,,**,*,,,,,,,,,,,*


You could see a hound and a jelly.

Vanquished Creatures
  A hound (D:4)
  A jelly (D:4)
  Crazy Yiuf (D:3)
  An orc priest (D:4)
  3 adders
  4 worms
  4 orcs
  5 ball pythons
  7 endoplasms
  2 giant cockroaches
  6 goblins
  5 hobgoblins
  6 kobolds
  2 quokkas (D:3)
  7 bats
  2 frilled lizards
  2 rats (D:1)
59 creatures vanquished.

Notes
Turn   | Place    | Note
-------+----------+-------------------------------------------
     0 | D:1      | bande the Gargoyle Fighter began the quest for the Orb.
     0 | D:1      | Reached XP level 1. HP: 14/14 MP: 1/1
   224 | D:1      | Found a faded altar of an unknown god.
   478 | D:1      | Reached XP level 2. HP: 15/19 MP: 2/2
  1874 | D:2      | Gained mutation: You are covered in fur. (AC +1) [potion of
                  | mutation]
  1926 | D:2      | Reached XP level 3. HP: 23/23 MP: 3/3
  2733 | D:2      | Found a shimmering altar of Xom.
  2835 | D:2      | Reached XP level 4. HP: 24/29 MP: 4/4
  3597 | D:3      | Found a runed translucent door.
  3598 | D:3      | Noticed Crazy Yiuf
  3608 | D:3      | Killed Crazy Yiuf
  3609 | D:3      | Reached XP level 5. HP: 20/33 MP: 5/5
  3990 | D:4      | Killed from afar by an orc wizard

Illustrated notes

Levels and vault maps discovered:
D:1:      dpeg_arrival_boxes_within_box, layout_loops_corners,
          hellmonk_ecumenical_altar_crossroads
D:2:      layout_loops_cross, basic_altar, minmay_indecisive_spiral
D:3:      layout_basic, uniq_crazy_yiuf_cottage
D:4:      layout_loops_ring

Skill      XL: |  1  2  3  4  5 |
---------------+----------------+-----
Axes           | 2 3 |  3.9
Armour         | 4 |  4.5
Shields        | 4 |  4.0
Fighting       | |  3.9
Dodging        | |  0.2

Action                   |  1- 3 |  4- 6 || total
-------------------------+-------+-------++-------
Melee: War axe           |   103 |    66 ||   169
  Use: Scroll            |     6 |     6 ||    12
       Potion            |     1 |     1 ||     2
Armor: Scale mail        |    61 |       ||    61
       Chain mail        |     5 |    47 ||    52
Dodge: Dodged            |    49 |    17 ||    66
Block: Buckler           |    25 |    10 ||    35
       Tower shield      |       |    18 ||    18

Table legend: (Time is in decaauts)
 A = Elapsed time spent in this place.
 B = Non-inter-level travel time spent in this place.
 C = Inter-level travel time spent in this place.
 D = Time resting spent in this place.
 E = Time spent auto-exploring this place.
 F = Levels seen in this place.
 G = Mean time per level.
                   A        B        C        D        E       F      G
               +--------+--------+--------+--------+--------+-----+--------+
         Total |   4051 |   3890 |    161 |    793 |   2487 |   4 | 1012.8 |
       Dungeon |   4051 |   3890 |    161 |    793 |   2487 |   4 | 1012.8 |
               +--------+--------+--------+--------+--------+-----+--------+

Top non-repeatable levels by time:
     D:1: 1891 daAuts
     D:2: 1144 daAuts
     D:3: 766 daAuts
     D:4: 248 daAuts
